 Dungeon Crawl Stone Soup version 0.13-a0-3104-gb5885e9 (webtiles) character file.

1613 Malachi the Skirmisher (level 8, -4/62 HPs)
             Began as a Mummy Berserker on Sept 20, 2013.
             Was an Elder of Trog.
             Slain by an orc wizard
             ... wielding a +0,+2 orcish dagger of electrocution
              (18 damage)
             ... on Level 7 of the Dungeon.
             The game lasted 00:11:24 (5292 turns).

Malachi the Skirmisher (Mummy Berserker)            Turns: 5292, Time: 00:11:24

HP  -4/62        AC 21     Str 22      XL: 8   Next: 42%
MP   7/7         EV  7     Int  6      God: Trog [****..]
Gold 210         SH  0     Dex 14      Spells:  0 memorised,  7 levels left

Res.Fire  : x . .   See Invis. : .   b - +2,+3 scythe (vamp)
Res.Cold  : + + +   Warding    : .   q - +8 chain mail of Objectivity {+Fly rC++ De Life Prot.: + + + Conserve : . (no shield)
Res.Poison: +       Res.Corr.  : .   (no helmet)
Res.Elec. : .       Clarity    : .   (no cloak)
Sust.Abil.: . .     Spirit.Shd : .   f - +1 pair of gauntlets
Res.Mut.  : .       Stasis     : .   n - +0 pair of boots
Res.Rott. : +       Flight     : .   (no amulet)
Saprovore : . . .                    (no ring)
                                     (no ring)

@: regenerating, very resistant to hostile enchantments, extremely unstealthy
A: no food or potions, fire vulnerability, restore body, cold resistance 1, life
protection 3, poison resistance, torment resistance, unbreathing
a: Burn Spellbooks, Berserk, Trog's Hand, Brothers in Arms, Renounce Religion,
Evoke Flight


You were on level 7 of the Dungeon.
You worshipped Trog.
Trog was extremely pleased with you.
You were not hungry.

You visited 1 branch of the dungeon, and saw 7 of its levels.

You collected 190 gold pieces.

Inventory:

Hand weapons
 a - a +0,-2 falchion
 b - a +2,+3 vampiric scythe (weapon)
 i - a +0 blowgun
 k - a +0,+0 orcish falchion
Missiles
 g - 55 poisoned needles
Armour
 f - a +1 pair of gauntlets (worn)
 l - a +0 pair of gloves
 n - a +0 pair of boots (worn)
 q - the +8 chain mail of Objectivity (worn) {+Fly rC++ Dex+3}
   (You found it on level 7 of the Dungeon)

   It affects your dexterity (+3).
   It greatly protects you from cold.
   It lets you fly.
Magical devices
 j - a wand of fireball (3)
 p - a wand of flame (13) {unknown}
Scrolls
 d - 7 scrolls of remove curse
 e - 8 scrolls of identify
 h - a scroll of enchant armour
Jewellery
 o - an uncursed ring of flight
Books
 c - a book of Dreams

   Spells                             Type                      Level
   Ensorcelled Hibernation            Hexes/Ice                    2
   Flight                             Charms/Air                   3
   Phase Shift                        Translocation                5
   Shadow Creatures                   Summoning                    5
   Mass Confusion                     Hexes                        6
   Darkness                           Hexes                        7
   Trog disapproves of the use of such an item.


   Skills:
 + Level 5.1 Fighting
 + Level 3.4 Long Blades
 + Level 2.5 Polearms
 + Level 5.0 Armour
 + Level 5.1 Dodging
 + Level 0.8 Stealth
 + Level 0.1 Evocations


You had 7 spell levels left.
You didn't know any spells.

Dungeon Overview and Level Annotations

Branches:
Dungeon (7/27)             Temple (0/1) D:5
    Orc: D:6-11

Altars:
Fedhas
Vehumet
Xom
the Shining One
Jiyva


Innate Abilities, Weirdness & Mutations

You do not eat or drink.
Your flesh is vulnerable to fire.
Your flesh is cold resistant.
You are immune to negative energy.
Your system is resistant to poisons.
You are immune to unholy pain and torment.
You can survive without breathing.


Message History

The puff of frost hits you!
* * * LOW HITPOINT WARNING * * *
The centaur hits you but does no damage.
Use which ability? (? or * to list)
Your skin crawls.
You feel resistant to hostile enchantments.
The orc wizard hits you but does no damage.
The centaur hits you.
* * * LOW HITPOINT WARNING * * *
The orc wizard gestures at you while chanting.
The puff of flame hits you! The fire burns you terribly!
* * * LOW HITPOINT WARNING * * *
Read which item? (? for menu, Esc to quit)
Okay, then.
You closely miss the orc wizard.
The centaur hits you but does no damage.
The orc wizard hits you with an orcish dagger of electrocution.
* * * LOW HITPOINT WARNING * * *
You are electrocuted!
You die...

################
................
................
..#####....#####
#####.# #....#
#...#.# #....#
#..o#.# #....#
#.c@o.# #....#
#..o#(# #....#
#...#.# #....#
#...#o# #....#####
+...#.# #.........
#...#.#####...######
# +...#o........#
#.#####[........#
##......o..#+##..#


You could see a centaur, 2 orc wizards and an orc.

Vanquished Creatures
  A necrophage (D:6)
  A manticore (D:6)
  A black bear (D:6)
  2 centaurs (D:6)
  Sigmund (D:2)
  The ghost of cedor the Ruinous, an average NaCj (D:3)
  A giant frog (D:6)
  3 crimson imps
  A giant frog zombie (D:5)
  2 jellies (D:4)
  A giant frog skeleton (D:4)
  2 iguanas (D:6)
  2 hounds
  5 worker ants
  2 scorpions
  An orc wizard (D:4)
  4 adders
  4 giant mites
  A giant eyeball (D:6)
  4 oozes (D:4)
  14 orcs
  2 ball pythons
  6 giant cockroaches
  10 hobgoblins
  2 quokkas
  8 bats
  3 giant newts
  16 goblins
  A goblin skeleton (D:4)
  12 jackals
  13 kobolds
  10 rats
137 creatures vanquished.

Vanquished Creatures (others)
  A toadstool (D:4)
1 creature vanquished.

Grand Total: 138 creatures vanquished

Notes
Turn   | Place    | Note
--------------------------------------------------------------
     0 | D:1      | Malachi, the Mummy Berserker, began the quest for the Orb.
     0 | D:1      | Reached XP level 1. HP: 18/18 MP: 0/0
   232 | D:1      | Reached XP level 2. HP: 24/24 MP: 1/1
   758 | D:1      | Acquired Trog's second power
  1414 | D:1      | Reached XP level 3. HP: 13/30 MP: 2/2
  1838 | D:2      | Reached XP level 4. HP: 33/36 MP: 3/3
  2040 | D:2      | Noticed Sigmund
  2249 | D:3      | Noticed cedor's ghost (average NaCj)
  2273 | D:3      | Killed cedor's ghost
  2273 | D:3      | Reached XP level 5. HP: 33/42 MP: 4/4
  2510 | D:3      | Found a blossoming altar of Fedhas.
  3037 | D:2      | Killed Sigmund
  3037 | D:2      | Reached XP level 6. HP: 48/48 MP: 5/5
  3346 | D:4      | Reached skill level 4 in Fighting
  3348 | D:4      | Acquired Trog's third power
  3630 | D:4      | Found a viscous altar of Jiyva.
  3858 | D:5      | Entered Level 5 of the Dungeon
  3867 | D:5      | Reached skill level 1 in Polearms
  3867 | D:5      | Reached XP level 7. HP: 47/54 MP: 6/6
  3957 | D:5      | Found a glowing golden altar of the Shining One.
  4016 | D:5      | Found a staircase to the Ecumenical Temple.
  4184 | D:5      | Found a radiant altar of Vehumet.
  4690 | D:6      | Reached XP level 8. HP: 46/61 MP: 7/7
  4841 | D:6      | Paralysed by a giant eyeball for 2 turns
  4845 | D:6      | Paralysed by a giant eyeball for 3 turns
  4854 | D:6      | Found a shimmering altar of Xom.
  4868 | D:6      | Reached skill level 5 in Fighting
  4868 | D:6      | Reached skill level 5 in Armour
  4979 | D:6      | Reached skill level 5 in Dodging
  5250 | D:7      | Got a jewelled chain mail
  5268 | D:7      | Identified the +8 chain mail of Objectivity {+Fly rC++ Dex+3} (You found it on level 7 of the Dungeon)
  5292 | D:7      | Slain by an orc wizard

Action                   |  1- 3 |  4- 6 |  7- 9 || total
-------------------------+-------+-------+-------++-------
Melee: Falchion          |   151 |   174 |       ||   325
       Scythe            |       |    70 |   147 ||   217
Invok: Trog's Hand       |     1 |     1 |     2 ||     4
Evoke: Wand              |       |     1 |       ||     1
  Use: Scroll            |       |     7 |     2 ||     9
